 Dungeon Crawl Stone Soup version 0.30-a0-172-gc5509c9e31 (webtiles) character file.

Game seed: 9338832554517361010

9559 LnG the Slicer (level 11, -4/70 HPs)
             Began as a Kobold Summoner on Oct 1, 2022.
             Was an Elder of Dithmenos.
             Killed from afar by an oklob plant (33 damage)
             ... with a splash of acid
             ... on level 11 of the Dungeon.
             The game lasted 00:38:30 (12344 turns).

LnG the Slicer (Kobold Summoner)                   Turns: 12344, Time: 00:38:30

Health: -4/70      AC:  5    Str:  6    XL:     11   Next: 76%
Magic:  21/21      EV: 23    Int: 20    God:    Dithmenos [****..]
Gold:   814        SH:  0    Dex: 16    Spells: 6/24 levels left

rFire   . . .      SeeInvis .    f - +5 rapier
rCold   . . .      Faith    .    (no shield)
rNeg    . . .      Spirit   .    a - +2 robe
rPois   .          Reflect  .    A - +2 hat {Will+}
rElec   .          Harm     .    j - +2 cloak
rCorr   .          Rampage  .    (no gloves)
Will    ++...                    (no boots)
Stlth   +++++++++.               G - amulet of the acrobat
HPRegen 1.11/turn                B - +4 ring of evasion
MPRegen 0.17/turn                (no ring)

@: corroded, wreathed by umbra
A: small, no large weapons, nightstalker 3, strong-willed 1, mutation resistance
1, regeneration 1, robust 1
a: Renounce Religion, Shadow Step


You were on level 11 of the Dungeon.
You worshipped Dithmenos.
Dithmenos was greatly pleased with you.
You visited 2 branches of the dungeon, and saw 12 of its levels.
You also visited: Ossuary and Bailey.

You collected 1676 gold pieces.
You spent 862 gold pieces at shops.

Inventory:

Hand Weapons
 c - a +0 dagger
 f - a +5 rapier (weapon)
Armour
 a - a +2 robe (worn)
 j - a +2 cloak (worn)
 A - a +2 hat of willpower (worn)
Jewellery
 v - a ring of fire
 B - a +4 ring of evasion (left hand)
 G - an amulet of the acrobat (around neck)
Wands
 i - a wand of flame (13)
 I - a wand of paralysis (2)
 J - a wand of polymorph (6)
Scrolls
 h - 2 scrolls of teleportation
 k - a scroll of noise
 m - a scroll of fear
 n - 5 scrolls of vulnerability
 r - a scroll of blinking
 u - a scroll of amnesia
 y - 4 scrolls of immolation
 z - 3 scrolls of poison
 C - 2 scrolls of identify
 F - a scroll of summoning {unknown}
 H - a scroll of enchant armour
 K - a scroll of brand weapon {unknown}
 L - 2 scrolls of magic mapping {unknown}
Potions
 b - 2 potions of magic
 d - 2 potions of flight
 e - a potion of lignification
 g - 4 potions of might
 l - 2 potions of haste {unknown}
 o - a potion of berserk rage {unknown}
 p - 5 potions of cancellation
 q - a potion of resistance {unknown}
 s - 2 potions of invisibility {unknown}
 t - 2 potions of brilliance {unknown}
 w - 3 potions of ambrosia {unknown}
 x - 3 potions of curing
 D - a potion of mutation


   Skills:
 + Level 5.9 Fighting
 + Level 11.7 Short Blades
 + Level 9.2 Dodging
 + Level 11.1 Stealth
 + Level 7.0 Spellcasting
 + Level 7.7 Summonings
 + Level 1.4 Air Magic


You had 6 spell levels left.
You knew the following spells:

 Your Spells              Type           Power      Damage    Failure   Level
a - Summon Small Mammal   Summ           100%       N/A       1%          1
b - Call Imp              Summ           37%        N/A       1%          2
c - Call Canine Familiar  Summ           37%        N/A       1%          3
d - Summon Guardian Gole  Hex/Summ       22%        N/A       6%          3
e - Summon Lightning Spi  Summ/Air       25%        N/A       14%         4
f - Summon Mana Viper     Hex/Summ       22%        N/A       47%         5

Your spell library contained the following spells:

 Spells                   Type           Power      Damage    Failure   Level
 Kiss of Death            Conj/Necr      28%        2d7       10%         1
 Magic Dart               Conj           28%        1d4       10%         1
 Searing Ray              Conj           14%        2d5       14%         2
 Kindle Blastsparks       Fire/Tloc/Air  16%        2d11      24%         3
 Confusing Touch          Hex            7%         N/A       28%         3
 Summon Forest            Summ/Tloc      11%        N/A       47%         5
 Summon Cactus Giant      Summ           18%        N/A       52%         6
 Dispel Undead            Necr           7%         3d8       67%         4
 Fulminant Prism          Conj/Hex       3%         3d6       67%         4
 Iskenderun's Mystic Bla  Conj/Tloc      7%         2d4       67%         4
 Lee's Rapid Deconstruct  Erth           3%         3d6*      95%         5


Dungeon Overview and Level Annotations

Branches:
Dungeon (11/15)            Temple (1/1) D:4            Lair (0/5) D:11
    Orc (0/2) D:9         Ossuary (visited)          Bailey (visited)

Altars:
Ashenzari
Cheibriados
Dithmenos
Elyvilon
Fedhas
Gozag
Hepliaklqana
Kikubaaqudgha
Makhleb
Nemelex Xobeh
Okawaru
Qazlal
Ru
Sif Muna
Trog
Uskayaw
Vehumet
Wu Jian
Xom
Yredelemnul
Zin
The Shining One

Shops:
D:5 *   D:6 !   D:8 :   D:9 !

Annotations:
D:11 3 runed translucent doors, exclusion: oklob plant


Innate Abilities, Weirdness & Mutations

You are small and have problems with some larger weapons.
You are completely attuned to the shadows.
You are strong-willed. (Will+)
You are somewhat resistant to further mutation.
Your natural rate of healing is unusually fast.
You are robust. (+10% HP)


Message History

The oklob plant spits acid at you. The splash of acid hits you!!
You emit a cloud of dark smoke.
You hit the oklob plant but do no damage.
The oklob plant is heavily damaged.
The oklob plant spits acid at you. The splash of acid misses you.
You hit the oklob plant but do no damage.
The oklob plant is heavily damaged.
You hit the oklob plant but do no damage.
The oklob plant is heavily damaged.
You hit the oklob plant.
The oklob plant is heavily damaged.
You hit the oklob plant but do no damage.
The oklob plant is heavily damaged.
You hit the oklob plant but do no damage.
The oklob plant is heavily damaged.
You hit the oklob plant.
The oklob plant is heavily damaged.
You feel much better. The oklob plant spits acid at you.
The splash of acid hits you!
You puncture the oklob plant!
The oklob plant is severely damaged.
Your shadow hits the oklob plant with a rapier.
The oklob plant spits acid at you. The splash of acid hits you.
The acid corrodes you!
You hit the oklob plant but do no damage.
The oklob plant is severely damaged.
The oklob plant spits acid at you. The splash of acid hits you!!
* * * LOW HITPOINT WARNING * * *
You feel much better.
You hit the oklob plant.
The oklob plant is severely damaged.
Your shadow hits the oklob plant but does no damage.
You hit the oklob plant but do no damage.
The oklob plant is severely damaged.
The oklob plant spits acid at you. The splash of acid hits you!!
You die...

#...# ####.### #....#
#####.> ##'#######
#......
##........###....###.
##........#...#...≈..
.'........'.##..#§§.#
##........####§##PP.#
####'##### #§§@PPP.
#.# #§§PP>PP #..
#§§PPPP. ##..
#.##PP.# #####.## #.
...# #.......#
#.......# #...†...#
##.......##.


You could see an oklob plant.

Vanquished Creatures
  A boulder beetle (D:11)
  A two-headed ogre (D:9)
  A manticore (D:11)
  A troll (D:11)
  8 yaks
  A wyvern (D:9)
  3 steam dragons
  2 vampire mosquitoes (D:11)
  2 acid dragons (D:11)
  A sky beast (D:6)
  5 orc warriors
  2 ice beasts (D:6)
  2 ogres
  2 centaurs
  2 phantoms
  A kobold brigand (D:9)
  A necrophage (D:6)
  4 bullfrogs
  4 scorpions
  2 gnoll sergeants
  7 wights
  10 killer bees
  8 howler monkeys
  2 centaur zombies (Ossuary)
  2 jellies (D:7)
  An orc priest (D:8)
  8 hounds
  6 orc wizards
  4 iguanas
  2 mummies
  14 gnolls
  8 adders
  3 white imps
  3 ufetubi
  A dart slug (D:4)
  22 orcs
  6 ball pythons
  2 endoplasms
  4 giant cockroaches
  10 hobgoblins
  2 quokkas
  2 bats
  16 goblins
  A goblin zombie (D:4)
  5 hobgoblin zombies (Ossuary)
  10 kobolds
  An orc zombie (D:4)
  4 rats
210 creatures vanquished.

Vanquished Creatures (collateral kills)
  A manticore (D:11)
  2 yaks (D:10)
  4 orc warriors
  An ogre (D:5)
  A scorpion (D:5)
  A wight (D:8)
  A centaur zombie (Ossuary)
  An orc priest (D:10)
  Jessica (D:2)
  Terence (D:2)
  An iguana (D:5)
  4 orc wizards
  4 mummies (Ossuary)
  Robin (D:2)
  3 gnolls (D:7)
  An adder (D:2)
  2 worms (D:2)
  A dart slug (D:5)
  9 orcs
  6 ball pythons
  An endoplasm (D:1)
  9 goblins
  6 hobgoblins
  6 kobolds
  3 quokkas
  A frilled lizard (D:1)
  2 hobgoblin zombies (Ossuary)
  A rat (D:1)
75 creatures vanquished.

Vanquished Creatures (others)
  3 plants (D:2)
3 creatures vanquished.

Grand Total: 288 creatures vanquished

Notes
Turn   | Place    | Note
-------+----------+-------------------------------------------
     0 | D:1      | LnG the Kobold Summoner began the quest for the Orb.
     0 | D:1      | Reached XP level 1. HP: 10/10 MP: 3/3
   336 | D:1      | Reached XP level 2. HP: 15/15 MP: 1/5
   339 | D:1      | Learned a level 2 spell: Call Imp
   904 | D:2      | Reached XP level 3. HP: 18/19 MP: 3/6
   909 | D:2      | Learned a level 3 spell: Call Canine Familiar
   975 | D:2      | Noticed Jessica
  1066 | D:2      | Killed Jessica
  1067 | D:2      | Reached XP level 4. HP: 24/24 MP: 1/8
  1285 | D:2      | Noticed Robin
  1425 | D:2      | Killed Robin
  1426 | D:2      | Reached skill level 5 in Summonings
  1426 | D:2      | Reached XP level 5. HP: 15/28 MP: 1/9
  1430 | D:2      | Learned a level 3 spell: Summon Guardian Golem
  1691 | D:2      | Noticed Terence
  1857 | D:2      | Killed Terence
  1959 | D:2      | Gained mutation: You are occasionally teleported next to
                  | monsters. [potion of mutation]
  1959 | D:2      | Gained mutation: You possess an exceptional clarity of
                  | mind. [potion of mutation]
  1975 | D:2      | Reached skill level 1 in Short Blades
  2164 | D:2      | Lost mutation: You are occasionally teleported next to
                  | monsters. [potion of mutation]
  2164 | D:2      | Lost mutation: You possess an exceptional clarity of mind.
                  | [potion of mutation]
  2164 | D:2      | Gained mutation: You are robust. (+10% HP) [potion of
                  | mutation]
  2164 | D:2      | Gained mutation: Your natural rate of healing is unusually
                  | fast. [potion of mutation]
  2164 | D:2      | Gained mutation: You are strong-willed. (Will+) [potion of
                  | mutation]
  2164 | D:2      | Gained mutation: You are somewhat resistant to further
                  | mutation. [potion of mutation]
  2342 | D:3      | Found a stormy altar of Qazlal.
  2387 | D:3      | Found a faded altar of an unknown god.
  2477 | D:3      | Reached XP level 6. HP: 36/36 MP: 10/10
  3234 | D:3      | Found a basalt altar of Yredelemnul.
  3237 | D:3      | Noticed a profane servitor
  3249 | D:3      | Found a glowing golden altar of the Shining One.
  3252 | D:3      | Noticed an angel
  3404 | D:4      | Found a staircase to the Ecumenical Temple.
  3430 | D:4      | Found a sand-covered staircase.
  3433 | D:4      | Reached skill level 5 in Stealth
  3473 | Ossuary  | Entered an ossuary
  3547 | Ossuary  | Reached skill level 1 in Fighting
  3575 | Ossuary  | Reached XP level 7. HP: 39/41 MP: 6/12
  3956 | Temple   | Entered the Ecumenical Temple
  4224 | Temple   | Became a worshipper of Dithmenos the Shadowed
  4883 | D:5      | Entered Level 5 of the Dungeon
  4889 | D:5      | Identified the +3 leather armour "Messu" {rElec rF+}
  5030 | D:5      | Found Sellila's Assorted Antiques.
  5049 | D:5      | Reached XP level 8. HP: 48/48 MP: 13/13
  5057 | D:5      | Learned a level 4 spell: Summon Lightning Spire
  5588 | D:5      | Reached skill level 5 in Short Blades
  6509 | D:6      | Found Tisafuef's Distillery.
  6556 | D:6      | Bought a potion of degeneration for 10 gold pieces
  6577 | D:6      | Noticed a troll
  6577 | D:6      | Noticed a vampire
  6586 | D:6      | Identified a scroll of acquirement
  6587 | D:6      | Acquired 949 gold pieces
  6707 | D:6      | Reached XP level 9. HP: 53/53 MP: 14/16
  7391 | D:6      | Reached * piety under Dithmenos
  7392 | D:6      | Reached skill level 5 in Dodging
  7444 | D:6      | Reached skill level 5 in Spellcasting
  8070 | D:7      | Reached XP level 10. HP: 55/61 MP: 12/17
  8482 | D:5      | Bought a twisted silver ring for 110 gold pieces
  8482 | D:5      | Bought a ring of fire for 550 gold pieces
  8564 | D:8      | Found a flagged portal.
  8570 | Bailey   | Entered a bailey
  8714 | Bailey   | Reached ** piety under Dithmenos
  8953 | Bailey   | Noticed an orc warlord
  8958 | Bailey   | Noticed an orc knight
  9231 | D:8      | Found a sparkling altar of Nemelex Xobeh.
  9337 | D:8      | Found Fuistrius's Vocational Training.
  9703 | D:8      | Reached *** piety under Dithmenos
 10144 | D:9      | Reached skill level 10 in Stealth
 10224 | D:9      | Found a staircase to the Orcish Mines.
 10278 | D:9      | Reached skill level 5 in Fighting
 10278 | D:9      | Reached skill level 10 in Short Blades
 10352 | D:9      | Found an ancient bone altar of Kikubaaqudgha.
 10480 | D:9      | Noticed a two-headed ogre
 10485 | D:9      | Killed a two-headed ogre
 10486 | D:9      | Reached XP level 11. HP: 70/70 MP: 20/20
 10695 | D:9      | Found Hiew's Distillery.
 10700 | D:9      | Bought a potion of curing for 36 gold pieces
 10700 | D:9      | Bought a potion of heal wounds for 60 gold pieces
 10700 | D:9      | Bought a potion of cancellation for 96 gold pieces
 10748 | D:10     | Entered Level 10 of the Dungeon
 11034 | D:10     | Reached **** piety under Dithmenos
 11443 | D:10     | Reached skill level 1 in Air Magic
 11525 | D:10     | Learned a level 5 spell: Summon Mana Viper
 11852 | D:11     | Noticed a manticore
 11855 | D:11     | Killed a manticore
 11921 | D:11     | Found a runed translucent gate.
 11921 | D:11     | Found a runed translucent gate.
 11921 | D:11     | Found a runed translucent gate.
 12000 | D:11     | Noticed a boulder beetle
 12014 | D:11     | Killed a boulder beetle
 12119 | D:11     | Noticed a manticore
 12131 | D:11     | Killed a manticore
 12321 | D:11     | Found a staircase to the Lair.
 12322 | D:11     | Noticed an oklob plant
 12344 | D:11     | Killed from afar by an oklob plant

Illustrated notes

Levels and vault maps discovered:
D:1:      dpeg_arrival_pond, layout_loops_ring, minmay_shallow_snake_nest
D:2:      layout_rooms, serial_forest, infiniplex_forest_clump_tiny,
          infiniplex_forest_lined_3, infiniplex_forest_straight_5,
          infiniplex_forest_clump_small, infiniplex_forest_clump_long, hex_tiny,
          minmay_misc_feat_nine_boxes, uniq_jessica, uniq_terence, uniq_robin
D:3:      layout_loops_corners, grunt_temple_overflow_holy_war,
          nicolae_qazlal_scattered_showers, shapermc_ecumenical_altar_pompeii,
          grunt_ministairs_3
D:4:      layout_gridville, minmay_temple_entry_crystal_x,
          nicolae_ossuary_entry_giza
D:5:      layout_gridville, serial_shops, nicolae_take_the_stairs
D:6:      layout_basic, serial_shops, nicolae_shop_statue_plus,
          minmay_divided_ellipse
D:7:      layout_basic, minmay_misc_feat_more_columns
D:8:      layout_loops_ring, nemelex_spade_bored_becter, enter_bailey_2,
          nicolae_shop_vocational
D:9:      layout_rooms, kennysheep_little_box, orc_david_3, serial_shops,
          nicolae_shop_trees
D:10:     layout_gridville
D:11:     layout_roguey, dpeg_oklobed_lair, biasface_ghost_orc_armoury,
          yredelemnul_forgotten_temple_becter
Temple:   nicolae_temple_bog_church

Skill      XL: |  1  2  3  4  5  6  7  8  9 10 11 |
---------------+----------------------------------+-----
Stealth        | 3 4 5 6 7 9 10 11 | 11.1
Spellcasting   | 3 4 5 6 7 |  7.0
Summonings     | 5 6 7 |  7.7
Dodging        | 3 4 6 8 9 |  9.2
Short Blades   | 1 3 4 6 8 10 11 | 11.7
Fighting       | 1 2 4 5 |  5.9
Air Magic      | 1 |  1.4

Action                   |  1- 3 |  4- 6 |  7- 9 | 10-12 || total
-------------------------+-------+-------+-------+-------++-------
Melee: Unarmed           |    10 |       |       |       ||    10
       Dagger            |    18 |    98 |       |       ||   116
       Punch             |       |     2 |     6 |     5 ||    13
       Rapier            |       |    92 |   304 |   443 ||   839
 Cast: Summon Small Mamm |    13 |     3 |     2 |     3 ||    21
       Call Imp          |     7 |     8 |     7 |    11 ||    33
       Call Canine Famil |     1 |     8 |    13 |    17 ||    39
       Summon Guardian G |       |       |     1 |       ||     1
       Summon Lightning  |       |       |       |     7 ||     7
  Use: Potion            |     1 |     2 |     1 |     3 ||     7
       Scroll            |       |     5 |    10 |     8 ||    23
 Stab: Sleeping          |     3 |    25 |    22 |    21 ||    71
       Distracted        |       |     3 |     3 |     4 ||    10
Armor: Robe              |    10 |    65 |    48 |    50 ||   173
Dodge: Dodged            |    39 |   217 |   278 |   415 ||   949

Table legend: (Time is in decaauts)
 A = Elapsed time spent in this place.
 B = Non-inter-level travel time spent in this place.
 C = Inter-level travel time spent in this place.
 D = Time resting spent in this place.
 E = Time spent auto-exploring this place.
 F = Levels seen in this place.
 G = Mean time per level.
                   A        B        C        D        E       F      G
               +--------+--------+--------+--------+--------+-----+--------+
         Total |  12220 |  11501 |    719 |    879 |   7767 |  14 |  872.9 |
       Dungeon |  11323 |  10678 |    645 |    739 |   7543 |  11 | 1029.4 |
        Temple |    328 |    254 |     74 |      0 |    223 |   1 |  328.0 |
       Ossuary |    188 |    188 |      0 |     70 |      0 |   1 |  188.0 |
        Bailey |    380 |    380 |      0 |     70 |      0 |   1 |  380.0 |
               +--------+--------+--------+--------+--------+-----+--------+

Top non-repeatable levels by time:
     D:5: 1598 daAuts
     D:2: 1268 daAuts
     D:6: 1196 daAuts
     D:4: 1107 daAuts
     D:8: 1090 daAuts
    D:10: 1052 daAuts
     D:1: 1029 daAuts
     D:3: 989 daAuts
     D:7: 874 daAuts
     D:9: 646 daAuts
    D:11: 469 daAuts
  Bailey: 380 daAuts
  Temple: 328 daAuts
 Ossuary: 188 daAuts
